 Dungeon Crawl Stone Soup version 0.25.0-1-g7eea58d (webtiles) character file.

Game seed: 7896862695669621432

13620 Dorkslayer the Grappler (level 11, 0/97 HPs)
             Began as a Troll Fighter on June 27, 2020.
             Was a High Priest of Okawaru.
             Slain by a minotaur
             ... wielding the +7 sceptre of Torment {pain, torment}
              (12 damage)
             ... in a Gauntlet.
             The game lasted 00:43:16 (8514 turns).

Dorkslayer the Grappler (Troll Fighter)             Turns: 8514, Time: 00:43:17

Health: 0/97       AC: 13    Str: 33    XL:     11   Next: 78%
Magic:  13/13      EV: 12    Int:  8    God:    Okawaru [*****.]
Gold:   782        SH: 13    Dex: 15    Spells: 10/10 levels left

rFire    + . .     SeeInvis .     - Unarmed
rCold    . . .     Gourm    +   b - +2 kite shield
rNeg     . . .     Faith    .   L - +0 troll leather armour
rPois    .         Spirit   .   M - +2 hat {MR+}
rElec    +         Reflect  .   f - +2 cloak "Zipey" {rElec rF+ MR+ Regen+}
rCorr    .         Harm     .   (gloves unavailable)
MR       ++...     Clarity  +   (boots unavailable) Stlth +.........NoTele +
                                (no amulet)
HPRegen  1.46/turn              i - +6 ring of strength
MPRegen  0.13/turn              l - ring "Peosoiso" {rElec Int+4 Dex+4 Stlth-}

@: hasted, very quick
A: large, unfitting armour, claws 3, clarity, fast metabolism 3, gourmand,
regeneration 1, shaggy fur 1, tough skin 3, evolution 1
a: Heroism, Finesse, Renounce Religion


You were in a Gauntlet.
You worshipped Okawaru.
Okawaru was extremely pleased with you.
You were not hungry.

You visited 2 branches of the dungeon, and saw 13 of its levels.
You also visited: Gauntlet.

You collected 1151 gold pieces.
You spent 369 gold pieces at shops.

Inventory:

Hand Weapons
 K - a +1 demon blade of flaming
Missiles
 k - 66 poisoned darts
 u - 7 silver javelins
 D - 4 atropa-tipped darts
 N - 4 boomerangs (quivered)
 O - 2 throwing nets
Armour
 b - a +2 kite shield (worn)
 f - the +2 cloak "Zipey" (worn) {rElec rF+ MR+ Regen+}
   (You found it in a Gauntlet)

   It protects you from fire.
   It insulates you from electricity.
   It affects your resistance to hostile enchantments.
   It increases your rate of regeneration.
 L - a +0 troll leather armour (worn)
 M - a +2 hat of magic resistance (worn)
Jewellery
 i - a +6 ring of strength (left claw)
 j - an uncursed ring of protection from fire
 l - the ring "Peosoiso" (right claw) {rElec Int+4 Dex+4 Stlth-}
   (You found it in a Gauntlet)

   [ring of attention]

   It affects your intelligence (+4).
   It affects your dexterity (+4).
   It insulates you from electricity.
   It makes you less stealthy.
 p - an uncursed ring of flight
 v - an uncursed ring of see invisible
 C - an uncursed ring of positive energy
Wands
 s - a wand of flame (22)
 x - a wand of clouds (6)
 y - a wand of disintegration (6)
 z - a wand of paralysis (9)
 A - a wand of digging (6)
 H - a wand of iceblast (11)
Scrolls
 a - 3 scrolls of enchant weapon
 e - a scroll of fog
 g - 3 scrolls of teleportation {unknown}
 h - a scroll of magic mapping
 n - 2 scrolls of blinking
 q - a scroll of remove curse
 G - 2 scrolls of enchant armour
 I - 3 scrolls of amnesia {unknown}
 J - 2 scrolls of immolation
Potions
 c - 3 potions of might
 m - 3 potions of stabbing
 o - a potion of heal wounds
 r - 4 potions of curing
 t - 3 potions of haste
 w - a potion of resistance
Comestibles
 d - 17 rations


   Skills:
 + Level 3.5 Fighting
 + Level 2.9 Throwing
 + Level 2.1 Armour
 + Level 6.1 Dodging
 + Level 1.5 Stealth
 + Level 5.8 Shields
 + Level 13.2 Unarmed Combat
 * Level 3.6 Invocations
 * Level 5.0 Evocations


You had 10 spell levels left.
You didn't know any spells.
Your spell library contained the following spells:

 Spells                   Type           Power        Failure   Level  Hunger
 Freeze                   Ice            #...         67%         1    ##.....
 Confusing Touch          Hex            #.......     96%         3    ####...
 Frozen Ramparts          Ice            #.....       96%         3    ####...
 Gell's Gravitas          Tloc           #.........   96%         3    ####...
 Ozocubu's Armour         Chrm/Ice       #.......     96%         3    ####...
 Hailstorm                Conj/Ice       #.......     100%        4    #####..
 Petrify                  Tmut/Erth      #.......     100%        4    #####..
 Summon Ice Beast         Ice/Summ       #.......     100%        4    #####..
 Metabolic Englaciation   Hex/Ice        #.........   100%        5    ######.
 Yara's Violent Unravell  Hex/Tmut       #.........   100%        5    ######.


Dungeon Overview and Level Annotations

Branches:
Dungeon (12/15)            Temple (1/1) D:5            Lair (0/6) D:11
    Orc (0/2) D:12        Gauntlet (1/1)

Altars:
Ashenzari
Cheibriados
Dithmenos
Elyvilon
Fedhas
Gozag
Hepliaklqana
Kikubaaqudgha
Makhleb
Nemelex Xobeh
Okawaru
Qazlal
Ru
Sif Muna
Trog
Uskayaw
Vehumet
Wu Jian
Xom
Yredelemnul
Zin
The Shining One

Shops:
D:5 [   D:7 }   D:10 %   D:12 ?

Annotations:
Gauntlet 8 transporters, 22 runed translucent doors


Innate Abilities, Weirdness & Mutations

You are too large for most types of armour.
You have claws for hands.
Your metabolism is lightning-fast.
You like to eat raw meat.
Your natural rate of healing is unusually fast.
You are covered in fur. (AC +1)
You have extremely tough skin. (AC +3)
You possess an exceptional clarity of mind.
You evolve.


Message History

You block the minotaur's attack.
The minotaur gores you but does no damage.
You scratch the minotaur but do no damage.
You mangle the minotaur!!
The minotaur is moderately wounded.
The minotaur hits you with the +7 sceptre of Torment {pain, torment}!
The minotaur gores you but does no damage.
You barely miss the minotaur.
The minotaur is moderately wounded.
The minotaur hits you with the +7 sceptre of Torment {pain, torment}!!!
You writhe in agony.
The minotaur gores you.
You mangle the minotaur!!
The minotaur is heavily wounded.
You feel yourself speed up.
The minotaur hits you with the +7 sceptre of Torment {pain, torment}!!
* * * LOW HITPOINT WARNING * * *
You writhe in agony.
* * * LOW HITPOINT WARNING * * *
The minotaur gores you!
You die...

..§.§§§§#≈#########§#..§§§.....§§
≈#§#≈#§####.......####≈#§#≈#≈#≈#§
##########..8.8.8..##############
#...©.©.©...## .............#
.#.#######.#.# #....#.#
#.##.#.##.#.# ......H@...(#
#..##'##.(#.# #8 #..#.# # #....#
#.8### ####


You could see a minotaur.

Vanquished Creatures
  Gastronok (D:9)
  A two-headed ogre (D:8)
  A two-headed ogre (shapeshifter) (Gauntlet)
  A satyr (shapeshifter) (Gauntlet)
  Pikel (D:9)
  A guardian serpent (shapeshifter) (Gauntlet)
  A cyclops (D:11)
  Maurice (D:9)
  3 trolls
  4 hippogriffs
  2 shadows (D:11)
  3 centaur simulacra (Gauntlet)
  7 yaks
  3 wyverns
  A hungry ghost (D:8)
  Menkaure (D:7)
  A harpy simulacrum (Gauntlet)
  An acid dragon (D:11)
  A water moccasin (D:6)
  2 ice beasts
  5 phantoms
  2 sky beasts
  2 orc warriors
  An ice dragon simulacrum (Gauntlet)
  A slave (D:9)
  3 ogres (D:5)
  3 centaurs
  A crocodile (D:9)
  A gnoll sergeant (D:9)
  5 bullfrogs
  A scorpion (shapeshifter) (Gauntlet)
  4 killer bees (D:10)
  3 scorpions
  4 wights
  An electric eel (D:12)
  3 howler monkeys
  7 crimson imps
  2 bullfrog zombies (D:5)
  3 hounds
  2 quasits
  3 jellies
  5 orc priests
  9 orc wizards
  3 centaur skeletons
  4 iguanas
  Terence (D:2)
  8 worker ants
  2 killer bee zombies
  A hound skeleton (D:4)
  A worker ant zombie (D:9)
  Robin (D:2)
  13 gnolls
  14 adders
  3 shadow imps
  2 oozes
  3 adder skeletons
  2 worms
  6 dart slugs
  6 leopard geckos
  26 orcs
  A ball python (D:8)
  6 giant cockroaches
  9 goblins
  4 hobgoblins
  8 jackals
  6 quokkas
  4 bats
  6 frilled lizards
  2 goblin skeletons (D:6)
  3 hobgoblin zombies (D:6)
  2 jackal skeletons
  8 kobolds
  2 kobold zombies (D:6)
  2 orc skeletons (D:6)
  A quokka skeleton (D:9)
  4 rats
272 creatures vanquished.

Vanquished Creatures (others)
  A hippogriff (D:9)
  A slave (D:9)
  4 withered plants (Gauntlet)
6 creatures vanquished.

Grand Total: 278 creatures vanquished

Notes
Turn   | Place    | Note
-------+----------+-------------------------------------------
     0 | D:1      | Dorkslayer the Troll Fighter began the quest for the Orb.
     0 | D:1      | Reached XP level 1. HP: 22/22 MP: 0/0
    67 | D:1      | Reached XP level 2. HP: 29/29 MP: 1/1
   490 | D:1      | Reached XP level 3. HP: 34/36 MP: 2/2
   665 | D:1      | Reached skill level 3 in Unarmed Combat
   840 | D:2      | Noticed Terence
   846 | D:2      | Killed Terence
   846 | D:2      | Reached XP level 4. HP: 43/44 MP: 3/3
   968 | D:2      | Gained mutation: Scrolls take you a little longer to read.
                  | [potion of mutation]
   968 | D:2      | Gained mutation: You are partially covered in icy blue
                  | scales. (AC +2) [potion of mutation]
   969 | D:2      | Lost mutation: Scrolls take you a little longer to read.
                  | [potion of mutation]
   969 | D:2      | Lost mutation: You are partially covered in icy blue
                  | scales. (AC +2) [potion of mutation]
   969 | D:2      | Gained mutation: You possess an exceptional clarity of
                  | mind. [potion of mutation]
   969 | D:2      | Gained mutation: You are frail. (-10% HP) [potion of
                  | mutation]
   969 | D:2      | Gained mutation: You evolve. [potion of mutation]
  1271 | D:2      | Found a bloodstained altar of Trog.
  1284 | D:2      | Noticed Robin
  1291 | D:2      | Killed Robin
  1388 | D:2      | Reached skill level 4 in Unarmed Combat
  1404 | D:2      | Reached XP level 5. HP: 35/46 MP: 4/4
  1539 | D:2      | Found a snail-covered altar of Cheibriados.
  2378 | D:4      | Lost mutation: You are frail. (-10% HP) [evolution]
  2467 | D:4      | Reached XP level 6. HP: 59/59 MP: 5/5
  2848 | D:4      | Reached skill level 1 in Throwing
  2855 | D:4      | Reached skill level 5 in Unarmed Combat
  3122 | D:5      | Entered Level 5 of the Dungeon
  3157 | D:5      | Reached XP level 7. HP: 66/66 MP: 6/6
  3190 | D:5      | Found Feajixta's Antique Armour Shoppe.
  3219 | D:5      | Reached skill level 6 in Unarmed Combat
  3251 | D:5      | Bought a glowing hat for 161 gold pieces
  3291 | D:5      | Reached skill level 7 in Unarmed Combat
  3331 | D:5      | Found a shimmering blue altar of Sif Muna.
  3338 | D:5      | Reached XP level 8. HP: 74/74 MP: 7/7
  3420 | D:5      | Found an opulent altar of Gozag.
  3420 | D:5      | Found a white marble altar of Elyvilon.
  3607 | D:5      | Found a staircase to the Ecumenical Temple.
  3616 | Temple   | Entered the Ecumenical Temple
  3666 | Temple   | Became a worshipper of Warmaster Okawaru
  3835 | D:5      | Got a faintly glowing longbow
  3852 | D:5      | Identified the +9 longbow of the Singing Goat {vorpal, rC+}
                  | (You found it on level 5 of the Dungeon)
  3898 | D:6      | Found a glowing golden altar of the Shining One.
  3960 | D:6      | Reached skill level 8 in Unarmed Combat
  4000 | D:6      | Reached skill level 1 in Evocations
  4098 | D:6      | Reached * piety under Okawaru
  4196 | D:6      | Found a stormy altar of Qazlal.
  4199 | D:6      | Noticed an air elemental
  4295 | D:7      | Reached skill level 9 in Unarmed Combat
  4346 | D:7      | Found a shadowy altar of Dithmenos.
  4434 | D:7      | Found Talurrir's Gadget Shoppe.
  4445 | D:7      | Bought a wand of iceblast (12) for 208 gold pieces
  4513 | D:7      | Got an ancient flail
  4514 | D:7      | Identified the +6 flail "Egong" {flame, *Noise rC+ rN+}
                  | (You found it on level 7 of the Dungeon)
  4565 | D:7      | Reached XP level 9. HP: 56/81 MP: 9/9
  4640 | D:7      | Noticed Menkaure
  4645 | D:7      | Killed Menkaure
  4960 | D:8      | Reached ** piety under Okawaru
  5062 | D:8      | Noticed a two-headed ogre
  5072 | D:8      | Killed a two-headed ogre
  5072 | D:8      | Reached skill level 1 in Stealth
  5072 | D:8      | Reached skill level 10 in Unarmed Combat
  5319 | D:8      | Got an iridescent falchion
  5320 | D:8      | Identified the +10 falchion "Majunish" {vamp, rF++ MR+
                  | Str+4} (You found it on level 8 of the Dungeon)
  5723 | D:9      | Noticed Gastronok
  5736 | D:8      | Reached *** piety under Okawaru
  5736 | D:8      | Reached skill level 11 in Unarmed Combat
  5736 | D:8      | Reached XP level 10. HP: 82/91 MP: 11/11
  5763 | D:9      | Killed Gastronok
  5763 | D:9      | Reached skill level 5 in Dodging
  5763 | D:9      | Reached skill level 5 in Shields
  5766 | D:9      | Reached **** piety under Okawaru
  5766 | D:9      | Reached skill level 12 in Unarmed Combat
  6022 | D:9      | Noticed Maurice
  6028 | D:9      | Killed Maurice
  6061 | D:9      | Noticed Pikel
  6074 | D:9      | Killed Pikel
  6074 | D:9      | Reached skill level 1 in Invocations
  6119 | D:9      | Reached ***** piety under Okawaru
  6278 | D:9      | Reached XP level 11. HP: 68/97 MP: 13/13
  6488 | D:9      | Found a radiant altar of Vehumet.
  6847 | D:10     | Entered Level 10 of the Dungeon
  7109 | D:10     | Found Hangiyni's Food Shop.
  7135 | D:10     | Got a pitted rapier
  7136 | D:10     | Identified the +9 rapier of the Final Runes {freeze, rF-
                  | rC+ Str+6 Dex+4} (You found it on level 10 of the Dungeon)
  7238 | D:10     | Received a gift from Okawaru
  7433 | D:10     | Got a glittering golden ring
  7435 | D:10     | Identified the ring "Vuomeock" {+Blink rF++ Str-5 Int+6}
                  | (You found it on level 10 of the Dungeon)
  7552 | D:11     | Received a gift from Okawaru
  7829 | D:11     | Reached skill level 1 in Armour
  7886 | D:11     | Found a staircase to the Lair.
  8077 | D:11     | Identified a scroll of acquirement
  8185 | D:12     | Found Riuh's Magic Scroll Boutique.
  8216 | D:12     | Found a gate leading to a gauntlet.
  8220 | Gauntlet | Entered a Gauntlet
  8220 | Gauntlet | Found a transporter.
  8223 | Gauntlet | Found a transporter.
  8223 | Gauntlet | Noticed a hell beast
  8225 | Gauntlet | Noticed a death scarab
  8225 | Gauntlet | Noticed a death scarab
  8238 | Gauntlet | Found a transporter.
  8239 | Gauntlet | Found a transporter.
  8241 | Gauntlet | Found a large runed translucent door.
  8241 | Gauntlet | Found a large runed translucent door.
  8242 | Gauntlet | Found a large runed translucent door.
  8242 | Gauntlet | Found a large runed translucent door.
  8243 | Gauntlet | Found a large runed translucent door.
  8243 | Gauntlet | Found a large runed translucent door.
  8243 | Gauntlet | Found a runed translucent door.
  8243 | Gauntlet | Found a runed translucent door.
  8244 | Gauntlet | Found a large runed translucent door.
  8244 | Gauntlet | Found a large runed translucent door.
  8245 | Gauntlet | Found a large runed translucent door.
  8245 | Gauntlet | Found a large runed translucent door.
  8246 | Gauntlet | Found a large runed translucent door.
  8246 | Gauntlet | Found a large runed translucent door.
  8247 | Gauntlet | Found a runed translucent gate.
  8247 | Gauntlet | Found a runed translucent gate.
  8247 | Gauntlet | Found a runed translucent gate.
  8248 | Gauntlet | Noticed a green death
  8249 | Gauntlet | Found a transporter.
  8259 | Gauntlet | Found a large runed translucent door.
  8260 | Gauntlet | Found a large runed translucent door.
  8266 | Gauntlet | Found a runed translucent door.
  8270 | Gauntlet | Found a transporter.
  8270 | Gauntlet | Found a large runed translucent door.
  8270 | Gauntlet | Found a large runed translucent door.
  8275 | Gauntlet | Found a transporter.
  8277 | Gauntlet | Found a transporter.
  8291 | Gauntlet | Noticed a dire elephant
  8298 | Gauntlet | Noticed a sea snake
  8298 | Gauntlet | a slime creature changed into a sea snake
  8299 | Gauntlet | Found a transporter.
  8299 | Gauntlet | a sea snake changed into a moth of wrath
  8304 | Gauntlet | Noticed a shining eye
  8304 | Gauntlet | a snapping turtle changed into a shining eye
  8314 | Gauntlet | a shining eye changed into a dream sheep
  8317 | Gauntlet | Noticed a fire crab
  8317 | Gauntlet | a wind drake changed into a fire crab
  8318 | Gauntlet | Found a transporter.
  8318 | Gauntlet | Noticed a swamp dragon
  8318 | Gauntlet | a fire crab changed into a swamp dragon
  8318 | Gauntlet | Noticed a fire crab
  8318 | Gauntlet | a salamander changed into a fire crab
  8319 | Gauntlet | Noticed a harpy
  8319 | Gauntlet | a fire crab changed into a harpy
  8320 | Gauntlet | Noticed an orb spider
  8320 | Gauntlet | a harpy changed into an orb spider
  8322 | Gauntlet | Found a transporter.
  8322 | Gauntlet | Noticed an unseen horror
  8322 | Gauntlet | a rime drake changed into an unseen horror
  8324 | Gauntlet | a swamp dragon changed into a moth of wrath
  8327 | Gauntlet | an orb spider changed into a black bear
  8331 | Gauntlet | Found a transporter.
  8368 | Gauntlet | Noticed a glowing orange brain
  8369 | Gauntlet | a glowing orange brain changed into a swamp worm
  8405 | Gauntlet | Noticed an anaconda
  8409 | Gauntlet | Got a scorched cloak
  8420 | Gauntlet | Identified the +2 cloak "Zipey" {rElec rF+ MR+ Regen+} (You
                  | found it in a Gauntlet)
  8424 | Gauntlet | Noticed a death drake
  8424 | Gauntlet | a guardian serpent changed into a death drake
  8447 | Gauntlet | Noticed a two-headed ogre
  8447 | Gauntlet | a death drake changed into a two-headed ogre
  8454 | Gauntlet | Noticed a satyr
  8454 | Gauntlet | an anaconda changed into a satyr
  8455 | Gauntlet | Noticed a harpy
  8455 | Gauntlet | an eye of draining changed into a harpy
  8456 | Gauntlet | a harpy changed into a guardian serpent
  8458 | Gauntlet | Killed a satyr
  8458 | Gauntlet | Reached skill level 13 in Unarmed Combat
  8462 | Gauntlet | Killed a two-headed ogre
  8462 | Gauntlet | Reached skill level 5 in Evocations
  8466 | Gauntlet | Received a gift from Okawaru
  8486 | Gauntlet | Got a crude golden ring
  8490 | Gauntlet | Identified the ring "Peosoiso" {rElec Int+4 Dex+4 Stlth-}
                  | (You found it in a Gauntlet)
  8505 | Gauntlet | Identified the ring of Zakiturgh {rElec rPois Str-4 Dex+6
                  | Stlth+}
  8505 | Gauntlet | Noticed a minotaur
  8514 | Gauntlet | Slain by a minotaur

Illustrated notes

Levels and vault maps discovered:
D:1:      onia_arrival_pyramid, layout_basic
D:2:      layout_loops_corners, bloody_trog, kennysheep_slug_shrine, uniq_robin,
          uniq_terence
D:3:      layout_basic
D:4:      layout_loops_ring, first_ration, nrook_uturn
D:5:      layout_rooms, lemuel_doored_altar, gammafunk_temple_overflow_statue,
          temple_green, serial_shops, nicolae_shop_statue_plus
D:6:      layout_rooms, nicolae_tso_besieged_by_evil,
          nicolae_qazlal_style_of_elements
D:7:      layout_loops_ring, nicolae_dithmenos_the_darkroom, serial_shops,
          kennysheep_little_box, uniq_menkaure
D:8:      layout_basic
D:9:      layout_roguey, fiery_altar_vehumet, uniq_gastronok, uniq_pikel,
          uniq_maurice
D:10:     layout_rooms, serial_shops, shop
D:11:     layout_roguey, lair_entry_dummy
D:12:     layout_loops_ring, erik_orc_2, serial_shops, shop, shop,
          nicolae_shop_statue_plus, gauntlet_entry_generic, uniq_erolcha,
          uniq_sonja
Temple:   zaba_magenta_temple
Gauntlet: minmay_gauntlet_mixed_oops_all_seconds
          [minmay_gauntlet_arena_77_chump_sandwich,
          gammafunk_gauntlet_arena_mazey, minmay_gauntlet_arena_77_box,
          minmay_gauntlet_arena_make_your_own_arena,
          minmay_gauntlet_arena_77_path, nicolae_gauntlet_arena_flowing_pool,
          nicolae_gauntlet_exit_dead_adventurers]

Skill      XL: |  1  2  3  4  5  6  7  8  9 10 11 |
---------------+----------------------------------+-----
Unarmed Combat | 3 4 5 7 9 11 12 13 | 13.2
Dodging        | 3 4 5 6 |  6.1
Shields        | 3 4 5 |  5.8
Throwing       | 1 2 |  2.9
Fighting       | 3 |  3.5
Evocations     | 2 3 4 5 |  5.0
Stealth        | 1 |  1.5
Invocations    | 1 3 |  3.6
Armour         | 2 |  2.1

Action                   |  1- 3 |  4- 6 |  7- 9 | 10-12 || total
-------------------------+-------+-------+-------+-------++-------
Melee: Unarmed           |    88 |   159 |   260 |   299 ||   806
       Punch             |       |       |       |     2 ||     2
Throw: Dart              |       |    19 |       |       ||    19
       Javelin           |       |     5 |    16 |     6 ||    27
       Boomerang         |       |       |       |     7 ||     7
Invok: Heroism           |       |       |       |     2 ||     2
Evoke: Wand              |       |       |       |     4 ||     4
  Use: Scroll            |       |     6 |     8 |     9 ||    23
       Potion            |       |     2 |       |     5 ||     7
 Stab: Distracted        |       |     1 |       |       ||     1
       Sleeping          |       |       |     3 |     2 ||     5
  Eat: Chunk             |     8 |    20 |    24 |    17 ||    69
       Ration            |       |       |     1 |     2 ||     3
Armor: Robe              |    30 |    48 |    56 |    15 ||   149
       Troll leather arm |       |       |       |    58 ||    58
Dodge: Dodged            |    24 |    40 |    70 |    91 ||   225
Block: Kite shield       |    35 |    68 |   110 |   153 ||   366
